MLB
PHILADELPHIA PHILLIES @ MILWAUKEE BREWERS
07/14/2047
 
TOP OF THE 1ST
Philadelphia Phillies batting - Pitching for Milwaukee Brewers : LHP Lewis Thorpe Jr.
Pitching: LHP Lewis Thorpe Jr.
Batting: LHB Eric Katz 0-0: Called Strike
0-1: Ball
1-1: Ball
2-1: Ball
3-1: Foul Ball, location: 2F
3-2: SINGLE (Groundball, 4MD, EV 100.6 MPH)
Batting: RHB Tommie Eaton 0-0: Ball
1-0: Grounds into double play, 6-4-3 (Groundball, 6, EV 106.2 MPH)
Batting: RHB Chef Belew 0-0: Called Strike
0-1: Ball
1-1: Ball
2-1: Ground out 5-3 (Groundball, 5, EV 81.2 MPH)
Top of the 1st over - 0 runs, 1 hit, 0 errors, 0 left on base; Philadelphia 0 - Milwaukee 0
BOTTOM OF THE 1ST
Milwaukee Brewers batting - Pitching for Philadelphia Phillies : RHP Sean Hill
Pitching: RHP Sean Hill
Batting: RHB Akitada Nishizawa 0-0: Ball
1-0: Ball
2-0: Ball
3-0: Base on Balls
Batting: SHB Junzo Kato 0-0: Ball
Akitada Nishizawa steals 2nd base
1-0: Called Strike
1-1: Ball
2-1: Ball
3-1: Foul Ball, location: 2F
3-2: Ground out 4-3 (Groundball, 34, EV 91.2 MPH)
Akitada Nishizawa to third
Batting: SHB Pat Wilson 0-0: Swinging Strike
0-1: Ball
1-1: Foul Ball, location: 2F
1-2: DOUBLE (Line Drive, 89XD, EV 109.4 MPH)
Akitada Nishizawa scores
Pinch Runner at 2nd Mike Williams:
Batting: RHB Noah Stanley 0-0: Fly out, F7 (Flyball, 7, EV 91.2 MPH)
Batting: SHB Lewis Thorpe Jr. 0-0: Swinging Strike
0-1: Foul Ball, location: 2F
0-2: Ball
1-2: Foul Ball, location: 2F
1-2: Ball
2-2: Ground out 4-3 (Groundball, 34, EV 105.0 MPH)
Bottom of the 1st over - 1 run, 1 hit, 0 errors, 1 left on base; Philadelphia 0 - Milwaukee 1
TOP OF THE 2ND
Philadelphia Phillies batting - Pitching for Milwaukee Brewers : LHP Lewis Thorpe Jr.
Now in CF: Mike Williams
Batting: SHB Lance Franklin 0-0: Swinging Strike
0-1: Called Strike
0-2: Ball
1-2: Strikes out swinging
Batting: RHB Josh Hensley 0-0: Foul Ball, location: 2F
0-1: Ball
1-1: Ground out 6-3 (Groundball, 6, EV 96.2 MPH)
Batting: SHB Pete Barutha 0-0: SOLO HOME RUN (Flyball, 7D, EV 105.0 MPH), Distance : 399 ft
Batting: LHB Ryan Trombley 0-0: Called Strike
0-1: Ball
1-1: Called Strike
1-2: Foul Ball, location: 2F
1-2: Strikes out swinging
Top of the 2nd over - 1 run, 1 hit, 0 errors, 0 left on base; Philadelphia 1 - Milwaukee 1
BOTTOM OF THE 2ND
Milwaukee Brewers batting - Pitching for Philadelphia Phillies : RHP Sean Hill
Batting: RHB Daniel Donovan 0-0: Swinging Strike
0-1: Foul Ball, location: 2F
0-2: Ball
1-2: Foul Ball, location: 2F
1-2: Fly out, F4 (Popup, 4M, EV 58.8 MPH)
Batting: RHB Dave Gonzalez 0-0: Ball
1-0: Bunted foul
1-1: Foul Ball, location: 2F
1-2: Ground out 4-3 (Groundball, 4, EV 85.6 MPH)
Batting: RHB Kisho Ito 0-0: Called Strike
0-1: Foul Ball, location: 2F
0-2: Ball
1-2: Ball
2-2: Foul Ball, location: 2F
2-2: Foul Ball, location: 2F
2-2: Ball
3-2: Ground out 4-3 (Groundball, 4, EV 86.2 MPH)
Bottom of the 2nd over - 0 runs, 0 hits, 0 errors, 0 left on base; Philadelphia 1 - Milwaukee 1
TOP OF THE 3RD
Philadelphia Phillies batting - Pitching for Milwaukee Brewers : LHP Lewis Thorpe Jr.
Batting: LHB Nick Canizales 0-0: Swinging Strike
0-1: Ball
1-1: Ball
2-1: SINGLE (Line Drive, 89M, EV 102.5 MPH)
Batting: LHB Jim Beaver 0-0: Called Strike
0-1: Foul Ball, location: 2F
0-2: Strikes out swinging
Batting: LHB Eric Katz 0-0: Foul Ball, location: 2F
0-1: Fly out, F8 (Line Drive, 8LD, EV 92.5 MPH)
Batting: RHB Tommie Eaton 0-0: Ball
1-0: Called Strike
1-1: Foul Ball, location: 2F
1-2: SINGLE (Line Drive, 3L, EV 109.4 MPH)
Nick Canizales to second
Batting: RHB Chef Belew 0-0: Called Strike
0-1: Swinging Strike
0-2: Strikes out looking
Top of the 3rd over - 0 runs, 2 hits, 0 errors, 2 left on base; Philadelphia 1 - Milwaukee 1
BOTTOM OF THE 3RD
Milwaukee Brewers batting - Pitching for Philadelphia Phillies : RHP Sean Hill
Batting: RHB Ben Campbell 0-0: Ball
1-0: Ball
2-0: Swinging Strike
2-1: Ground out 5-3 (Groundball, 56S, EV 85.6 MPH)
Batting: RHB Akitada Nishizawa 0-0: Ground out 6-3 (Groundball, 56, EV 106.9 MPH)
Batting: SHB Junzo Kato 0-0: Ball
1-0: Ground out 4-3 (Groundball, 4M, EV 84.4 MPH)
Bottom of the 3rd over - 0 runs, 0 hits, 0 errors, 0 left on base; Philadelphia 1 - Milwaukee 1
TOP OF THE 4TH
Philadelphia Phillies batting - Pitching for Milwaukee Brewers : LHP Lewis Thorpe Jr.
Batting: SHB Lance Franklin 0-0: Called Strike
0-1: Swinging Strike
0-2: Strikes out swinging
Batting: RHB Josh Hensley 0-0: Called Strike
0-1: Ball
1-1: Ball
2-1: Swinging Strike
2-2: Foul Ball, location: 2F
2-2: Strikes out swinging
Batting: SHB Pete Barutha 0-0: Ball
1-0: Called Strike
1-1: Swinging Strike
1-2: Foul Ball, location: 2F
1-2: Fly out, F7 (Flyball, 7D, EV 89.4 MPH)
Top of the 4th over - 0 runs, 0 hits, 0 errors, 0 left on base; Philadelphia 1 - Milwaukee 1
BOTTOM OF THE 4TH
Milwaukee Brewers batting - Pitching for Philadelphia Phillies : RHP Sean Hill
Batting: SHB Mike Williams 0-0: Ball
1-0: Ground out 4-3 (Groundball, 34D, EV 108.1 MPH)
Batting: RHB Noah Stanley 0-0: Called Strike
0-1: Ball
1-1: Swinging Strike
1-2: Foul Ball, location: 2F
1-2: Strikes out looking
Batting: SHB Lewis Thorpe Jr. 0-0: Called Strike
0-1: Foul Ball, location: 2F
0-2: Foul Ball, location: 2F
0-2: Foul Ball, location: 2F
0-2: Foul Ball, location: 2F
0-2: Strikes out swinging, 2-3 out at first.
Bottom of the 4th over - 0 runs, 0 hits, 0 errors, 0 left on base; Philadelphia 1 - Milwaukee 1
TOP OF THE 5TH
Philadelphia Phillies batting - Pitching for Milwaukee Brewers : LHP Lewis Thorpe Jr.
Batting: LHB Ryan Trombley 0-0: Foul Ball, location: 2F
0-1: Ball
1-1: Swinging Strike
1-2: Strikes out swinging
Batting: LHB Nick Canizales 0-0: Ball
1-0: Swinging Strike
1-1: Swinging Strike
1-2: Foul Ball, location: 2F
1-2: Strikes out swinging
Batting: LHB Jim Beaver 0-0: Swinging Strike
0-1: Foul Ball, location: 2F
0-2: SINGLE (Groundball, 34D, EV 95.6 MPH)
Batting: LHB Eric Katz 0-0: Called Strike
0-1: Ball
1-1: Foul Ball, location: 2F
1-2: Ball
2-2: Strikes out swinging
Top of the 5th over - 0 runs, 1 hit, 0 errors, 1 left on base; Philadelphia 1 - Milwaukee 1
BOTTOM OF THE 5TH
Milwaukee Brewers batting - Pitching for Philadelphia Phillies : RHP Sean Hill
Batting: RHB Daniel Donovan 0-0: Called Strike
0-1: SINGLE (Groundball, P, EV 89.4 MPH) (infield hit)
Batting: RHB Dave Gonzalez 0-0: Ball
1-0: Ball
Passed Ball!
Daniel Donovan to second
2-0: Swinging Strike
2-1: Swinging Strike
2-2: Foul Ball, location: 2F
2-2: Ball
3-2: Strikes out swinging
Batting: RHB Kisho Ito 0-0: Ball
1-0: Called Strike
1-1: Ball
2-1: Foul Ball, location: 2F
2-2: Ground out 4-3 (Groundball, 4, EV 86.9 MPH)
Daniel Donovan to third
Batting: RHB Ben Campbell 0-0: Foul Ball, location: 2F
0-1: Fly out, F8 (Flyball, 78M, EV 78.8 MPH)
Bottom of the 5th over - 0 runs, 1 hit, 0 errors, 1 left on base; Philadelphia 1 - Milwaukee 1
TOP OF THE 6TH
Philadelphia Phillies batting - Pitching for Milwaukee Brewers : LHP Lewis Thorpe Jr.
Batting: RHB Tommie Eaton 0-0: Ball
1-0: Swinging Strike
1-1: Called Strike
1-2: Foul Ball, location: 2F
1-2: SOLO HOME RUN (Flyball, 8RXD, EV 100.0 MPH), Distance : 425 ft
Batting: RHB Chef Belew 0-0: Ball
1-0: DOUBLE (Line Drive, 7LS, EV 106.2 MPH)
Batting: SHB Lance Franklin 0-0: Swinging Strike
0-1: Ground out 4-3 (Groundball, 34, EV 82.5 MPH)
Chef Belew to third
Batting: RHB Josh Hensley 0-0: Swinging Strike
0-1: Swinging Strike
0-2: Foul Ball, location: 2F
0-2: Ball
1-2: Strikes out swinging
Batting: SHB Pete Barutha 0-0: Intentional Walk
Batting: LHB Ryan Trombley 0-0: Ball
1-0: Swinging Strike
1-1: Ball
2-1: Ground out 6-3 (Groundball, 6M, EV 88.1 MPH)
Top of the 6th over - 1 run, 2 hits, 0 errors, 2 left on base; Philadelphia 2 - Milwaukee 1
BOTTOM OF THE 6TH
Milwaukee Brewers batting - Pitching for Philadelphia Phillies : RHP Sean Hill
Batting: RHB Akitada Nishizawa 0-0: SOLO HOME RUN (Line Drive, 78XD, EV 102.5 MPH), Distance : 409 ft
Batting: SHB Junzo Kato 0-0: Ball
1-0: Reached via error on a dropped throw from 1B, E1 (Groundball, 3L, EV 107.5 MPH)
Batting: SHB Mike Williams 0-0: Called Strike
0-1: Ball
1-1: Called Strike
1-2: Ball
2-2: Ball
3-2: Foul Ball, location: 2F
3-2: Strikes out swinging
Batting: RHB Noah Stanley 0-0: Ball
1-0: Fly out, F7 (Line Drive, 7S, EV 86.2 MPH)
Batting: SHB Lewis Thorpe Jr. 0-0: Ball
1-0: Ball
2-0: 2-RUN HOME RUN (Flyball, 89XD, EV 96.2 MPH), Distance : 387 ft
Batting: RHB Daniel Donovan 0-0: Called Strike
0-1: Ball
1-1: Called Strike
1-2: Ground out 6-3 (Groundball, 6, EV 84.4 MPH)
Bottom of the 6th over - 3 runs, 2 hits, 1 error, 0 left on base; Philadelphia 2 - Milwaukee 4
TOP OF THE 7TH
Philadelphia Phillies batting - Pitching for Milwaukee Brewers : LHP Lewis Thorpe Jr.
Pitching: RHP Mekonen Mahfudh
Batting: LHB Nick Canizales 0-0: Ball
1-0: Foul Ball, location: 2F
1-1: Ball
2-1: Foul Ball, location: 2F
2-2: Foul Ball, location: 2F
2-2: Strikes out swinging
Batting: LHB Jim Beaver 0-0: Called Strike
0-1: Ball
1-1: Swinging Strike
1-2: Foul Ball, location: 2F
1-2: Foul Ball, location: 2F
1-2: Ball
2-2: Strikes out swinging
Batting: LHB Eric Katz 0-0: Called Strike
0-1: Ball
1-1: Ball
2-1: Foul Ball, location: 2F
2-2: Ball
3-2: Base on Balls
Batting: RHB Tommie Eaton 0-0: Called Strike
0-1: Ball
1-1: Called Strike
1-2: 2-RUN HOME RUN (Flyball, 78XD, EV 107.5 MPH), Distance : 406 ft
Batting: RHB Chef Belew 0-0: Called Strike
0-1: Called Strike
0-2: SINGLE (Line Drive, 78M, EV 104.4 MPH)
Batting: SHB Lance Franklin 0-0: Ball
1-0: Ball
2-0: Swinging Strike
2-1: Ball
3-1: Called Strike
3-2: Strikes out swinging
Top of the 7th over - 2 runs, 2 hits, 0 errors, 1 left on base; Philadelphia 4 - Milwaukee 4
BOTTOM OF THE 7TH
Milwaukee Brewers batting - Pitching for Philadelphia Phillies : RHP Sean Hill
Pitching: RHP Ken Tetzlaff
Batting: RHB Dave Gonzalez 0-0: Fly out, F8 (Flyball, 8LS, EV 86.9 MPH)
Batting: RHB Kisho Ito 0-0: Ball
1-0: Swinging Strike
1-1: SINGLE (Groundball, 25, EV 76.2 MPH) (infield hit)
Batting: RHB Ben Campbell 0-0: Called Strike
0-1: Foul Ball, location: 2F
0-2: Strikes out swinging
Batting: RHB Akitada Nishizawa 0-0: Ball
Kisho Ito steals 2nd base (no throw)
1-0: Fly out, F9 (Flyball, 9D, EV 93.1 MPH)
Bottom of the 7th over - 0 runs, 1 hit, 0 errors, 1 left on base; Philadelphia 4 - Milwaukee 4
TOP OF THE 8TH
Philadelphia Phillies batting - Pitching for Milwaukee Brewers : RHP Mekonen Mahfudh
Pinch Hitting: LHB Danny Hill 0-0: Ball
1-0: Fly out, F8 (Line Drive, 89M, EV 99.4 MPH)
Batting: SHB Pete Barutha 0-0: Called Strike
0-1: Swinging Strike
0-2: Ball
1-2: Ball
2-2: Ground out U3 (Groundball, 34, EV 89.4 MPH)
Batting: LHB Ryan Trombley 0-0: Called Strike
0-1: Ball
1-1: Foul Ball, location: 2F
1-2: Ball
2-2: Foul Ball, location: 2F
2-2: Strikes out swinging
Top of the 8th over - 0 runs, 0 hits, 0 errors, 0 left on base; Philadelphia 4 - Milwaukee 4
BOTTOM OF THE 8TH
Milwaukee Brewers batting - Pitching for Philadelphia Phillies : RHP Ken Tetzlaff
Now at 1B: Jean-François Bernard
Batting: SHB Junzo Kato 0-0: Called Strike
0-1: Ball
1-1: Called Strike
1-2: Foul Ball, location: 2F
1-2: SINGLE (Line Drive, 7LS, EV 110.0 MPH)
Batting: SHB Mike Williams 0-0: Foul Ball, location: 2F
0-1: Ball
1-1: Grounds into double play, 6-4-3 (Groundball, 6, EV 96.9 MPH)
Batting: RHB Noah Stanley 0-0: Called Strike
0-1: Ball
1-1: Called Strike
1-2: SINGLE (Groundball, 6D, EV 99.4 MPH)
Batting: SHB Lewis Thorpe Jr. 0-0: Called Strike
Noah Stanley is caught stealing 2nd base 2-6
Bottom of the 8th over - 0 runs, 2 hits, 0 errors, 0 left on base; Philadelphia 4 - Milwaukee 4
TOP OF THE 9TH
Philadelphia Phillies batting - Pitching for Milwaukee Brewers : RHP Mekonen Mahfudh
Pitching: RHP Javy Uribe
Batting: LHB Nick Canizales 0-0: Called Strike
0-1: SINGLE (Groundball, 6M, EV 84.4 MPH) (infield hit)
Batting: LHB Jim Beaver 0-0: Ball
1-0: Foul Ball, location: 2F
1-1: Ball
2-1: Called Strike
2-2: Foul Ball, location: 2F
2-2: Strikes out swinging
Batting: LHB Eric Katz 0-0: Ball
1-0: Swinging Strike
1-1: Called Strike
1-2: Ball
2-2: Strikes out swinging
Batting: RHB Tommie Eaton 0-0: Ball
1-0: Foul Ball, location: 2F
1-1: Ball
2-1: Ground out 4-3 (Groundball, 4, EV 90.0 MPH)
Top of the 9th over - 0 runs, 1 hit, 0 errors, 1 left on base; Philadelphia 4 - Milwaukee 4
BOTTOM OF THE 9TH
Milwaukee Brewers batting - Pitching for Philadelphia Phillies : RHP Ken Tetzlaff
Batting: SHB Lewis Thorpe Jr. 0-0: Ball
1-0: Hit by Pitch
Batting: RHB Daniel Donovan 0-0: Ball
Lewis Thorpe Jr. is caught stealing 2nd base 2-4
1-0: Called Strike
1-1: Ground out 4-3 (Groundball, 4S, EV 86.9 MPH)
Batting: RHB Dave Gonzalez 0-0: Called Strike
0-1: Fly out, F6 (Popup, 56D, EV 46.9 MPH)
Bottom of the 9th over - 0 runs, 0 hits, 0 errors, 0 left on base; Philadelphia 4 - Milwaukee 4
TOP OF THE 10TH
Philadelphia Phillies batting - Pitching for Milwaukee Brewers : RHP Javy Uribe
Batting: RHB Chef Belew 0-0: Ball
1-0: Ball
2-0: Called Strike
2-1: Fly out, F8 (Flyball, 8RD, EV 98.1 MPH)
Batting: SHB Lance Franklin 0-0: Called Strike
0-1: Foul Ball, location: 2F
0-2: Strikes out swinging
Batting: SHB Jean-François Bernard 0-0: Called Strike
0-1: Foul Ball, location: 2F
0-2: Strikes out swinging
Top of the 10th over - 0 runs, 0 hits, 0 errors, 0 left on base; Philadelphia 4 - Milwaukee 4
BOTTOM OF THE 10TH
Milwaukee Brewers batting - Pitching for Philadelphia Phillies : RHP Ken Tetzlaff
Pitching: RHP Josh Cornishen
Batting: RHB Kisho Ito 0-0: Called Strike
0-1: Called Strike
0-2: Ball
1-2: Strikes out swinging
Batting: RHB Ben Campbell 0-0: Called Strike
0-1: SINGLE (Flyball, 8RS, EV 97.5 MPH)
Batting: RHB Akitada Nishizawa 0-0: Foul Ball, location: 2F
0-1: Fly out, F8 (Line Drive, 8RM, EV 85.0 MPH)
Batting: SHB Junzo Kato 0-0: Called Strike
0-1: Foul Ball, location: 2F
0-2: Ball
1-2: Ball
2-2: Ball
3-2: SINGLE (Line Drive, 7LS, EV 86.9 MPH)
Ben Campbell to second
Ben Campbell to third
Batting: SHB Mike Williams 0-0: Ball
1-0: Ball
2-0: Fielders Choice at 2nd, 6-4 (Groundball, 6, EV 83.8 MPH)
Bottom of the 10th over - 0 runs, 2 hits, 0 errors, 2 left on base; Philadelphia 4 - Milwaukee 4
TOP OF THE 11TH
Philadelphia Phillies batting - Pitching for Milwaukee Brewers : RHP Javy Uribe
Batting: SHB Pete Barutha 0-0: Foul Ball, location: 2F
0-1: Ball
1-1: SINGLE (Groundball, 4MD, EV 104.4 MPH)
Batting: LHB Ryan Trombley 0-0: Foul Ball, location: 2F
0-1: Bunted foul
0-2: Foul Ball, location: 2F
0-2: Strikes out swinging
Pitching: RHP Chitoji Takemoto
Batting: LHB Nick Canizales 0-0: Ball
1-0: Ball
2-0: Called Strike
2-1: Fielders Choice at 2nd, 3-6 (Groundball, 3, EV 77.5 MPH)
Batting: LHB Jim Beaver 0-0: SINGLE (Groundball, 25, EV 67.5 MPH) (infield hit)
Nick Canizales to second
Batting: LHB Eric Katz 0-0: Ball
1-0: Ball
2-0: Fly out, F9 (Flyball, 9S, EV 90.6 MPH)
Top of the 11th over - 0 runs, 2 hits, 0 errors, 2 left on base; Philadelphia 4 - Milwaukee 4
BOTTOM OF THE 11TH
Milwaukee Brewers batting - Pitching for Philadelphia Phillies : RHP Josh Cornishen
Batting: RHB Noah Stanley 0-0: Ground out 6-3 (Groundball, 6S, EV 64.4 MPH)
Batting: SHB Lewis Thorpe Jr. 0-0: SOLO HOME RUN (Flyball, 78XD, EV 104.4 MPH), Distance : 391 ft
Bottom of the 11th over - 1 run, 1 hit, 0 errors, 0 left on base; Philadelphia 4 - Milwaukee 5
Thursday, December 15th , 2022 - OOTP Baseball 23.9 Build 102